 Dungeon Crawl Stone Soup version 0.26.1-11-gd32895ea62 (webtiles) character file.

Game seed: 8941859377062452322

247 ubername the Slinger (level 6, -2/41 HPs)
             Began as a Halfling Hunter on May 3, 2021.
             Slain by an iguana (8 damage)
             ... on level 4 of the Dungeon.
             The game lasted 00:11:11 (3209 turns).

ubername the Slinger (Halfling Hunter)              Turns: 3209, Time: 00:11:11

Health: -2/41      AC:  7    Str: 12 (13) XL:     6   Next: 34%
Magic:  6/6        EV: 13    Int:  8 (10) God:
Gold:   169        SH:  0    Dex: 13 (16) Spells: 5/5 levels left

rFire    + . .     SeeInvis .   b - +4 dagger
rCold    . . .     Faith    .   (shield restricted)
rNeg     . . .     Spirit   .   e - +1 ring mail
rPois    .         Reflect  .   (no helmet)
rElec    .         Harm     .   (no cloak)
rCorr    .         Rampage  .   (no gloves)
Will     .....                  k - +0 pair of boots
Stlth    +.........             (no amulet)
HPRegen  0.13/turn              q - ring of protection from fire
MPRegen  0.10/turn              (no ring)

@: no status effects
A: small, blurry vision 1, mutation resistance 1
a: no special abilities


You were on level 4 of the Dungeon.
You visited 1 branch of the dungeon, and saw 4 of its levels.

You collected 169 gold pieces.

Inventory:

Hand Weapons
 a - a +2 hunting sling
 b - a +4 dagger (weapon)
Missiles
 d - 25 sling bullets
 h - 80 stones
 t - 49 poisoned darts (quivered)
Armour
 e - a +1 ring mail (worn)
 k - a +0 pair of boots (worn)
Jewellery
 c - a cursed ring of teleportation {unknown}
 g - a cursed -4 ring of intelligence {unknown}
 n - an uncursed amulet of faith {unknown}
 o - an uncursed ring of protection from cold {unknown}
 q - a ring of protection from fire (left hand)
Wands
 j - a wand of random effects (17)
Scrolls
 f - a scroll of magic mapping {unknown}
 i - 2 scrolls of teleportation
 m - a scroll of remove curse
 p - a scroll of fog
Potions
 l - 2 potions of curing


   Skills:
 + Level 2.8 Fighting
 * Level 2.0 Short Blades
 * Level 8.4 Slings
 + Level 1.5 Armour
 + Level 2.5 Dodging
 * Level 2.1 Stealth


You had 5 spell levels left.
You didn't know any spells.
Your spell library was empty.

Dungeon Overview and Level Annotations

Branches:
Dungeon (4/15)
 Temple: D:4-7

Altars:

Annotations:
D:3 1 runed translucent door, Crazy Yiuf


Innate Abilities, Weirdness & Mutations

You are small and have problems with some larger weapons.
You are somewhat resistant to further mutation.
Scrolls take you a little longer to read.


Message History

The hound barely misses you.
You barely miss the hound. The iguana bites you!
* * * LOW HITPOINT WARNING * * *
The hound completely misses you.
You hit the hound.
The hound is moderately wounded.
The hound misses you. The iguana closely misses you.
You closely miss the hound.
The hound is moderately wounded.
The hound closely misses you. The iguana barely misses you.
The hound bites you but does no damage.
You hit the hound.
The hound is heavily wounded.
The hound closely misses you. The iguana barely misses you.
You hit the hound.
The hound is severely wounded.
The hound bites you.
* * * LOW HITPOINT WARNING * * *
The iguana bites you!
You die...

..###.(... .#....(.
..#.. .....(.. .....
. .....(. #|..#
#.#...... #...##
....#..(## ##....#
#.((#hl#####.....#
...#.(@..##.......#
#................##
....#####..<........#
.#. #.......##...
#..##.....# ..##
#..###....## ...#
#..## ##....##....
#.. #.....#..# ..#
##......#


You could see an iguana and a hound.

Vanquished Creatures
  2 worker ants (D:3)
  Natasha (thrice) (D:2)
  4 gnolls (D:4)
  2 adders (D:2)
  2 oozes (D:1)
  An adder skeleton (D:4)
  2 dart slugs (D:1)
  A worm (D:2)
  3 leopard geckos
  2 ball pythons
  6 bats
  7 goblins
  4 hobgoblins
  2 jackals (D:3)
  5 frilled lizards
  8 kobolds
  5 rats
59 creatures vanquished.

Vanquished Creatures (others)
  3 fungi (D:3)
3 creatures vanquished.

Grand Total: 62 creatures vanquished

Notes
Turn   | Place    | Note
-------+----------+-------------------------------------------
     0 | D:1      | ubername the Halfling Hunter began the quest for the Orb.
     0 | D:1      | Reached XP level 1. HP: 14/14 MP: 1/1
    18 | D:1      | Reached skill level 6 in Slings
    71 | D:1      | Reached XP level 2. HP: 19/19 MP: 2/2
   224 | D:1      | Reached XP level 3. HP: 23/24 MP: 3/3
   439 | D:1      | You fall into a shaft and drop 1 floor!
   440 | D:2      | Noticed Natasha
   793 | D:2      | Reached skill level 7 in Slings
   793 | D:2      | Reached XP level 4. HP: 30/30 MP: 4/4
  1042 | D:2      | Gained mutation: Scrolls take you a little longer to read.
                  | [potion of mutation]
  1102 | D:2      | Killed Natasha
  1103 | D:2      | Reached skill level 1 in Short Blades
  1137 | D:2      | Noticed Natasha
  1152 | D:2      | Killed Natasha
  1153 | D:2      | Reached XP level 5. HP: 19/35 MP: 5/5
  1416 | D:2      | Noticed Natasha
  1423 | D:2      | Killed Natasha
  1424 | D:2      | Reached skill level 1 in Armour
  1845 | D:3      | Found a runed translucent door.
  2744 | D:3      | Noticed Crazy Yiuf
  2800 | D:3      | Reached skill level 8 in Slings
  2800 | D:3      | Reached XP level 6. HP: 26/41 MP: 6/6
  3209 | D:4      | Slain by an iguana

Illustrated notes

Levels and vault maps discovered:
D:1:      eino_arrival_water_star, layout_rooms, corner_web_ring,
          minmay_pentomino_s4
D:2:      layout_rooms, uniq_natasha
D:3:      layout_basic, uniq_crazy_yiuf_cottage
D:4:      layout_layer_cave, pdpol_wu_jian_five_deadly_venoms,
          minmay_temple_entry_sparse_star, dk_vineyard_2, tgw_xom

Skill      XL: |  1  2  3  4  5  6 |
---------------+-------------------+-----
Slings         | 6 7 8 |  8.4
Fighting       | 2 |  2.8
Short Blades   | 1 2 |  2.0
Armour         | 1 |  1.5
Stealth        | 2 |  2.1
Dodging        | |  2.5

Action                   |  1- 3 |  4- 6 || total
-------------------------+-------+-------++-------
Melee: Short sword       |    24 |     8 ||    32
       Dagger            |       |    53 ||    53
 Fire: Hunting sling     |    42 |    52 ||    94
Throw: Dart              |       |    34 ||    34
  Use: Scroll            |     1 |     8 ||     9
       Potion            |       |     7 ||     7
Armor: Leather armour    |     3 |     5 ||     8
       Ring mail         |       |    13 ||    13
Dodge: Dodged            |    25 |    46 ||    71
